 Dungeon Crawl Stone Soup version 0.24-a0-507-g3e8b2426 (webtiles) character file.

Game seed: 10447515384261572420

216 relicbr the Caller (level 5, -1/28 HPs)
             Began as a Deep Elf Summoner on July 18, 2019.
             Shot with an arrow by a centaur (7 damage)
             ... on level 4 of the Dungeon.
             The game lasted 00:12:58 (4162 turns).

relicbr the Caller (Deep Elf Summoner)              Turns: 4162, Time: 00:12:59

Health: -1/28      AC:  2    Str:  5    XL:     5   Next: 61%
Magic:  8/11       EV: 13    Int: 21    God:
Gold:   170        SH:  0    Dex: 15    Spells: 3/10 levels left

rFire    + . .     SeeInvis .   r - +1 whip (holy)
rCold    . . .     Gourm    .   (no shield)
rNeg     . . .     Faith    .   a - +0 robe
rPois    .         Spirit   .   (no helmet)
rElec    .         Reflect  .   (no cloak)
rCorr    .         Harm     .   (no gloves)
MR       .....                  (no boots)
Stlth    ++........             n - amulet of magic regeneration
HPRegen  0.09/turn              i - ring of protection from fire
MPRegen  0.37/turn              (no ring)

@: no status effects
A: no striking features
a: no special abilities


You were on level 4 of the Dungeon.
You were very hungry.

You visited 1 branch of the dungeon, and saw 4 of its levels.

You collected 170 gold pieces.

Inventory:

Hand Weapons
 r - a +1 whip of holy wrath (weapon)
Armour
 a - a +0 robe (worn)
Jewellery
 i - a ring of protection from fire (left hand)
 n - an amulet of magic regeneration (around neck)
Wands
 t - a wand of enslavement (12)
Scrolls
 b - a scroll of fear {unknown}
 e - a scroll of amnesia {unknown}
 k - a scroll of blinking {unknown}
 l - 4 scrolls of remove curse
 m - 3 scrolls of teleportation {unknown}
 o - a scroll of magic mapping
 s - a scroll of enchant armour {unknown}
Potions
 d - 2 potions of brilliance
 g - 3 potions of curing
 h - a potion of cancellation {unknown}
 j - a potion of mutation
 p - a potion of might {unknown}
 q - 2 potions of berserk rage
Comestibles
 c - 5 rations


   Skills:
 - Level 2.4 Dodging
 - Level 2.4 Stealth
 - Level 3.1 Spellcasting
 * Level 7.6 Summonings


You had 3 spell levels left.
You knew the following spells:

 Your Spells              Type           Power        Failure   Level  Hunger
a - Summon Small Mammal   Summ           ####         1%          1    None
b - Call Imp              Summ           #####...     1%          2    ##.....
c - Summon Ice Beast      Ice/Summ       ###.....     26%         4    ####...

Your spell library contained the following spells:

 Spells                   Type           Power        Failure   Level  Hunger
 Call Canine Familiar     Summ           #####...     1%          3    ###....
 Summon Guardian Golem    Hex/Summ       ###.....     9%          3    ###....
 Summon Lightning Spire   Summ/Air       ###.....     26%         4    ####...


Dungeon Overview and Level Annotations

Branches:
Dungeon (4/15)
 Temple: D:4-7

Altars:
Hepliaklqana


Message History

HP restored.
Your white imp disappears in a puff of smoke!
A centaur comes into view.
You are feeling very hungry.
The centaur shouts!
Casting: Call Imp (safe; 1% risk of failure)
Confirm with . or Enter, or press ? or * to list all spells.
A beastly little devil appears in a puff of flame.
Casting: Call Imp (safe; 1% risk of failure)
Confirm with . or Enter, or press ? or * to list all spells.
A beastly little devil appears in a puff of flame.
The centaur wields a +3 shortbow.
The centaur shoots an arrow.
The arrow hits you!
The centaur shoots an arrow.
The arrow closely misses you.
Your crimson imp hits the centaur.
You see here an arrow.
You swap places.
The centaur shoots an arrow.
The arrow hits you!
* * * LOW HITPOINT WARNING * * *
The centaur shoots an arrow.
The arrow hits you!
You die...

#########
#........
#........
#........
#........
######........
#.............
#####.#...########
#.....#.#.@5#
........###(#
........# #.#
........#
#5c..c...
........#
#########
........#
........#
......... #######
........# #(.....


You could see a centaur and 2 friendly crimson imps.

Vanquished Creatures
  2 dart slugs (D:3)
  3 orcs
  A giant cockroach (D:3)
  A hobgoblin (D:1)
  A quokka (D:2)
  2 bats
  2 frilled lizards (D:1)
  A goblin (D:1)
  2 kobolds
  3 rats (D:3)
18 creatures vanquished.

Vanquished Creatures (collateral kills)
  2 orc priests (D:4)
  A bullfrog skeleton (D:4)
  Jessica (D:2)
  2 iguanas
  2 worker ants
  3 adders
  5 gnolls
  An adder skeleton (D:4)
  2 dart slugs (D:1)
  A leopard gecko (D:2)
  5 orcs
  4 bats
  2 giant cockroaches (D:2)
  A goblin (D:2)
  7 hobgoblins
  5 kobolds
  2 quokkas (D:2)
  2 frilled lizards
  4 rats
52 creatures vanquished.

Grand Total: 70 creatures vanquished

Notes
Turn   | Place    | Note
-------+----------+-------------------------------------------
     0 | D:1      | relicbr the Deep Elf Summoner began the quest for the Orb.
     0 | D:1      | Reached XP level 1. HP: 10/10 MP: 6/6
   204 | D:1      | Reached XP level 2. HP: 13/15 MP: 2/8
   392 | D:1      | Reached skill level 5 in Summonings
   748 | D:2      | Noticed Jessica
   757 | D:2      | Killed Jessica
   757 | D:2      | Reached XP level 3. HP: 18/19 MP: 5/9
   789 | D:2      | Learned a level 2 spell: Call Imp
  1215 | D:2      | Found a hazy altar of Hepliaklqana.
  1676 | D:3      | Reached skill level 6 in Summonings
  1715 | D:3      | Reached XP level 4. HP: 24/24 MP: 3/10
  3436 | D:4      | Reached skill level 7 in Summonings
  3436 | D:4      | Reached XP level 5. HP: 26/28 MP: 9/11
  3452 | D:4      | Learned a level 4 spell: Summon Ice Beast
  3640 | D:4      | Noticed a phantom
  3651 | D:4      | HP: 1/28 [bullfrog skeleton (2)]
  4157 | D:4      | Noticed a centaur
  4162 | D:4      | Shot with an arrow by a centaur

Levels and vault maps discovered:
D:1:      dpeg_arrival_renting, layout_basic
D:2:      layout_basic, lemuel_crystal_altar, first_ration, uniq_jessica
D:3:      layout_basic, corexii_item_surrounded_by_moat
D:4:      layout_rooms

Skill      XL: |  1  2  3  4 |
---------------+-------------+-----
Summonings     | 5 6 7 |  7.6
Dodging        | |  2.4
Stealth        | |  2.4
Spellcasting   | |  3.1

Action                   |  1- 3 |  4- 6 || total
-------------------------+-------+-------++-------
Melee: Unarmed           |     6 |       ||     6
       Whip              |    20 |    48 ||    68
 Cast: Summon Small Mamm |    29 |       ||    29
       Call Imp          |    16 |    31 ||    47
  Use: Scroll            |     6 |     2 ||     8
       Potion            |       |     1 ||     1
 Stab: Sleeping          |     2 |     2 ||     4
  Eat: Chunk             |     3 |     4 ||     7
       Ration            |       |     1 ||     1
Armor: Robe              |     7 |     5 ||    12
Dodge: Dodged            |    23 |    38 ||    61

Table legend:
 A = Non-vault XP
 B = Vault XP
 C = Vault XP percentage of total XP
 D = Non-vault monster count
 E = Vault monster count
 F = Vault count percentage of total count
                 A         B        C        D         E       F
            +---------+---------+-------+---------+---------+-------
      Total |     290 |      19 |   6.1 |      69 |       1 |   1.4
            +---------+---------+-------+---------+---------+-------
        D:1 |      21 |       0 |   0.0 |      16 |       0 |   0.0
        D:2 |      37 |      19 |  33.9 |      20 |       1 |   4.8
        D:3 |      93 |       0 |   0.0 |      22 |       0 |   0.0
        D:4 |     139 |       0 |   0.0 |      11 |       0 |   0.0
            +---------+---------+-------+---------+---------+-------
